Map: 2000 Atmospheres LE

Players

soul

  • Race: Terran Terran
  • League: Grandmaster

Serral - Winner!

  • Race: Zerg Zerg
  • League: Master

Event: DreamHack SC2 Masters 2021 Summer

VOD

Have the link to the VOD?

Description

Time

  • Played on: May 20, 2021, noon
  • Length: 17:30

All games in this series

Show
View Real Time Build Order
Export as new Build Order

soul Terran 

Build Orders: Reaper Expand, Hellion Banshee 

Get SALT Encoding   

  12  0:00  SCV  
  13  0:12  SCV  
  14  0:17  Supply Depot  
  14  0:24  SCV  
  15  0:38  SCV  
  15  0:40  Barracks  
  16  0:44  Refinery  
  16  0:50  SCV  
  17  1:02  SCV  
  18  1:14  SCV  
  19  1:27  Reaper  
  19  1:28  Orbital Command  
  20  1:41  Command Center  
  20  1:49  Supply Depot  
  20  1:53  SCV  
  21  1:59  Marine  
  22  2:05  SCV  
  23  2:09  Factory  
  23  2:17  SCV  
  23  2:21  Barracks Reactor  
  24  2:29  SCV  
  25  2:44  Command Center  
  25  2:45  SCV  
  26  2:54  Orbital Command  
  26  2:57  SCV  
  27  3:01  Starport  
  27  3:05  Refinery  
  27  3:09  SCV  
  28  3:14  Hellion  
  28  3:18  Hellion  
  32  3:20  SCV  
  32  3:21  Barracks Tech Lab  
  32  3:24  SCV  
  34  3:32  SCV  
  35  3:35  Hellion  
  35  3:38  SCV  
  35  3:40  Hellion  
  40  3:43  Viking  
  40  3:45  SCV  
  43  3:52  SCV  
  44  3:56  Orbital Command  
  44  3:57  SCV  
  44  4:00  Barracks Tech Lab  
  45  4:04  SCV  
  45  4:06  Hellion x2  
  50  4:11  SCV  
  50  4:13  Supply Depot  
  50  4:14  Banshee  
  54  4:18  SCV  
  54  4:21  Cloaking Field  
  55  4:24  Marine  
  55  4:25  SCV  
  55  4:30  SCV, Hellion  
  61  4:35  SCV, Hellion  
  61  4:37  Supply Depot, Stimpack  
  63  4:39  SCV  
  63  4:42  SCV  
  65  4:47  SCV  
  65  4:51  SCV  
  67  4:54  SCV  
  67  4:59  Banshee, Supply Depot, Orbital Command  
  72  5:01  Supply Depot  
  72  5:05  Factory Reactor  
  71  5:07  Barracks  
  71  5:09  SCV  
  71  5:10  Barracks  
  72  5:15  Engineering Bay  
  72  5:17  Refinery, Engineering Bay  
  72  5:18  Refinery  
  72  5:19  SCV  
  73  5:24  SCV  
  74  5:29  Barracks  
  74  5:31  Barracks  
  74  5:32  Supply Depot  
  74  5:33  SCV x2  
  76  5:37  SCV  
  77  5:45  SCV  
  78  5:51  Terran Infantry Armor Level 1, Terran Infantry Weapons Level 1  
  78  5:52  SCV  
  78  5:54  SCV, Starport Reactor  
  80  5:59  Marine x2  
  80  6:00  SCV  
  83  6:04  SCV, Marine  
  83  6:07  Supply Depot x2  
  83  6:09  Marine x2, Siege Tank  
  90  6:16  Marine  
  90  6:17  Barracks Reactor  
  90  6:18  Barracks Reactor, Combat Shield  
  91  6:20  SCV  
  91  6:21  SCV x2  
  91  6:24  Marine x2  
  91  6:25  Supply Depot x2  
  96  6:27  Marine  
  98  6:32  SCV  
  98  6:33  SCV x2, Marine  
  98  6:34  Marine  
  98  6:37  Medivac  
  104  6:41  Marine  
  104  6:42  Marine  
  104  6:45  SCV x2  
  104  6:46  Supply Depot  
  108  6:48  Marine  
  108  6:49  Siege Tank  
  108  6:50  Bunker, Supply Depot x2  
  108  6:51  Marine, Medivac  
  108  6:52  Marine  
  108  6:54  Marine  
  117  6:59  SCV, Marine x2  
  117  7:00  Armory  
  120  7:02  SCV  
  120  7:05  Marine x2, Supply Depot  
  120  7:08  Marine  
  123  7:09  Marine x2  
  123  7:10  Marine  
  123  7:11  Marine  
  123  7:14  Medivac  
  130  7:17  Marine x2  
  130  7:21  Medivac  
  134  7:23  Marine x2  
  134  7:28  Refinery  
  136  7:30  Refinery  
  136  7:31  Siege Tank  
  136  7:33  Missile Turret  
  136  7:34  Missile Turret  
  136  7:36  Command Center, Missile Turret  
  138  7:40  Marine x3  
  138  7:41  Marine x3  
  143  7:49  Terran Infantry Weapons Level 2  
  143  7:50  Missile Turret  
  143  7:51  SCV  
  143  7:52  Marine  
  143  7:53  Missile Turret  
  143  7:54  Marine  
  143  7:56  SCV  
  148  8:03  Siege Tank  
  150  8:09  Marine  
  150  8:10  Marine x3  
  150  8:12  Marine  
  156  8:13  Terran Infantry Armor Level 2, Marine  
  156  8:14  SCV  
  156  8:15  Marine  
  156  8:17  Marine  
  157  8:22  Marine  
  158  8:27  Marine  
  158  8:28  Drilling Claws  
  158  8:29  Factory  
  158  8:30  Marine  
  158  8:33  Marine  
  161  8:35  Marine x2  
  161  8:36  Marine x2  
  161  8:37  Marine  
  161  8:39  Marine  
  165  8:47  Refinery, Marine x2  
  165  8:48  Widow Mine  
  169  8:49  Supply Depot  
  169  8:50  Supply Depot  
  169  8:51  Marine  
  169  8:52  SCV  
  169  8:53  Marine  
  169  8:54  SCV  
  170  8:57  Marine  
  170  8:58  SCV  
  170  8:59  Terran Vehicle And Ship Armor Level 1  
  169  9:04  SCV  
  169  9:06  SCV  
  169  9:07  Marine  
  172  9:10  SCV  
  172  9:16  SCV, Missile Turret  
  173  9:18  SCV, Factory Reactor  
  173  9:21  Marauder, Marine  
  173  9:22  SCV, Marine x6  
  184  9:25  Marine  
  184  9:26  Medivac  
  184  9:28  SCV  
  170  9:33  Medivac  
  170  9:36  SCV, Barracks  
  170  9:37  SCV  
  172  9:39  Marine  
  172  9:41  Planetary Fortress  
  172  9:42  SCV  
  174  9:48  SCV  
  174  9:51  SCV  
  173  9:54  Widow Mine  
  173  9:55  SCV, Barracks  
  173  9:56  Medivac  
  174  10:00  SCV  
  174  10:03  SCV, Medivac  
  174  10:04  Sensor Tower  
  174  10:06  Sensor Tower  
  180  10:07  Widow Mine  
  180  10:11  Marine  
  173  10:14  Thor  
  173  10:15  SCV x2  
  173  10:20  Marine  
  176  10:21  SCV  
  176  10:26  Medivac  
  176  10:27  SCV  
  173  10:29  SCV  
  173  10:32  Marine  
  173  10:33  SCV, Medivac  
  178  10:37  Missile Turret  
  178  10:38  Widow Mine, Marine  
  178  10:39  SCV  
  178  10:41  SCV  
  180  10:44  Barracks Tech Lab x2  
  180  10:46  SCV  
  180  10:47  Barracks  
  181  10:51  SCV  
  181  10:53  SCV x2, Sensor Tower  
  181  10:55  Missile Turret  
  181  10:56  Medivac  
  186  10:57  Thor  
  193  11:08  Supply Depot x3  
  193  11:10  Command Center  
  190  11:17  Bunker  
  182  11:29  SCV, Marine x4, Medivac  
  182  11:30  Widow Mine  
  182  11:31  SCV  
  182  11:32  Factory  
  170  11:33  SCV, Factory, Marine  
  170  11:34  Marauder  
  170  11:35  Missile Turret  
  170  11:37  Missile Turret  
  170  11:38  SCV  
  170  11:39  Marine x2  
  168  11:40  Marine x2, Thor  
  168  11:42  SCV, Missile Turret  
  168  11:43  SCV  
  168  11:45  Barracks Tech Lab  
  168  11:46  Widow Mine  
  174  11:48  SCV  
  175  11:54  SCV  
  175  11:58  Widow Mine  
  176  12:06  Marine  
  176  12:08  Widow Mine, Bunker  
  169  12:10  SCV  
  170  12:19  Widow Mine, Missile Turret  
  170  12:20  Medivac  
  174  12:25  Medivac  
  174  12:28  Factory Tech Lab  
  174  12:29  Widow Mine  
  184  12:30  Refinery  
  184  12:31  Refinery, Factory Tech Lab  
  183  12:38  SCV  
  183  12:40  Orbital Command  
  168  12:45  SCV  
  168  12:48  SCV  
  170  12:51  Command Center  
  170  12:54  Bunker, Command Center  
  170  12:55  Siege Tank x3  
  170  12:58  SCV  
  172  13:03  Missile Turret  
  172  13:12  Bunker, Ghost Academy  
  172  13:18  Marauder x2, Marine  
  166  13:27  Siege Tank  
  166  13:32  Marauder, Marine  
  166  13:33  Marauder  
  163  13:35  SCV x2  
  163  13:36  Siege Tank x2  
  163  13:38  SCV x2  
  163  13:40  Marine, Command Center  
  163  13:41  Marauder  
  174  13:47  Ghost  
  176  13:53  SCV, Ghost  
  176  13:54  SCV  
  179  13:56  SCV  
  179  13:57  SCV  
  179  13:58  Missile Turret  
  179  14:04  Supply Depot  
  179  14:05  SCV, Thor, Supply Depot  
  179  14:06  Supply Depot  
  179  14:08  Widow Mine  
  188  14:11  Missile Turret  
  188  14:17  Refinery  
  188  14:18  Sensor Tower  
  181  14:26  Marine x3  
  181  14:29  Marine  
  181  14:30  Marine  
  160  14:31  Marine  
  160  14:32  Marine x6  
  168  14:49  Missile Turret  
  168  14:50  Missile Turret  
  168  14:51  Bunker  
  170  14:53  Missile Turret x2  
  170  14:54  Sensor Tower, Missile Turret  
  170  14:55  Missile Turret  
  170  14:57  Missile Turret  
  170  14:59  Ghost x4  
  173  15:02  Orbital Command  
  173  15:07  Marine  
  173  15:09  Concussive Shells  
  173  15:13  Medivac x2  
  178  15:23  Marine  
  178  15:27  SCV x4  
  191  15:28  Marauder x4  
  191  15:34  SCV  
  186  15:46  Siege Tank x2  
  192  15:52  SCV  
  192  15:55  SCV  
  194  15:59  Armory  
  194  16:11  Ghost  
  180  16:14  Marine  
  180  16:16  Marauder, Marine  
  180  16:17  Marauder  
  182  16:27  Planetary Fortress  
  182  16:32  Marine  
  185  16:33  Marauder  
  185  16:44  Command Center  
  180  16:51  Ghost x2  
  146  16:54  Marine  
  146  16:57  Orbital Command, Marauder x2, Marine  
  125  17:01  Marine  
  125  17:04  Marine  
  130  17:21  Missile Turret  
Show
View Real Time Build Order
Export as new Build Order

Serral Zerg - Winner!

Build Orders: Hatch First, Muta Ling Bane 

Get SALT Encoding   

  12  0:00  Drone  
  13  0:11  Overlord  
  13  0:16  Drone  
  14  0:30  Drone x2  
  16  0:46  Hatchery  
  15  0:50  Drone  
  15  0:53  Drone  
  18  0:57  Drone  
  18  1:07  Extractor  
  17  1:12  Spawning Pool  
  17  1:15  Drone  
  17  1:18  Drone  
  18  1:27  Drone  
  19  1:38  Drone  
  20  1:48  Drone  
  21  1:58  Queen x2  
  21  1:59  Zergling x4  
  27  2:10  Drone, Overlord  
  28  2:21  Hatchery  
  27  2:23  Drone  
  27  2:29  Drone  
  29  2:31  Drone  
  29  2:32  Drone  
  31  2:37  Metabolic Boost  
  31  2:44  Queen  
  30  2:48  Overlord  
  32  2:51  Drone  
  32  2:53  Drone  
  32  2:55  Drone  
  35  3:02  Overlord  
  35  3:07  Drone x3  
  35  3:10  Drone  
  39  3:13  Queen  
  39  3:16  Drone  
  42  3:21  Queen  
  44  3:28  Drone x3  
  44  3:32  Queen  
  49  3:37  Overlord  
  49  3:38  Drone  
  49  3:39  Drone  
  51  3:42  Drone  
  51  3:45  Overlord  
  51  3:48  Zergling x2  
  53  3:49  Drone x2  
  53  3:54  Zergling x2  
  53  3:55  Overlord  
  56  3:56  Drone  
  56  3:59  Queen  
  59  4:04  Overlord  
  59  4:05  Zergling x2  
  59  4:06  Drone  
  59  4:07  Drone  
  62  4:11  Drone  
  62  4:13  Drone x4  
  62  4:16  Overlord  
  67  4:19  Drone  
  68  4:24  Overlord  
  68  4:25  Zergling x2  
  68  4:28  Zergling x4  
  68  4:29  Zergling x2  
  68  4:31  Drone, Baneling Nest  
  73  4:35  Extractor, Lair  
  71  4:38  Queen  
  71  4:42  Drone x3, Extractor  
  71  4:43  Drone  
  71  4:45  Drone  
  77  4:46  Overlord  
  77  4:49  Drone x2  
  79  4:55  Zergling x2  
  79  4:56  Drone x2  
  79  4:59  Spore Crawler  
  81  5:03  Drone x2, Overlord  
  83  5:07  Spore Crawler  
  83  5:08  Spore Crawler  
  83  5:09  Extractor x2  
  83  5:10  Drone x4  
  83  5:12  Extractor  
  82  5:21  Overlord  
  82  5:22  Drone  
  82  5:23  Drone x2, Overlord  
  82  5:25  Overlord  
  85  5:29  Hatchery  
  85  5:32  Overseer  
  84  5:35  Spire  
  84  5:36  Baneling x3  
  84  5:38  Drone  
  84  5:40  Drone  
  84  5:41  Drone x2  
  84  5:42  Drone  
  88  5:44  Overlord  
  88  5:46  Drone  
  89  5:51  Hatchery, Drone  
  89  5:52  Drone x2  
  89  5:55  Overlord  
  92  5:57  Centrifical Hooks  
  92  6:01  Overseer  
  92  6:02  Overseer  
  92  6:04  Drone x3  
  92  6:09  Overlord x2  
  95  6:17  Drone  
  94  6:18  Zergling x6  
  94  6:23  Zergling x4, Overlord  
  94  6:24  Zergling x4  
  101  6:26  Overlord  
  101  6:29  Overlord  
  101  6:31  Overlord  
  101  6:34  Overlord  
  101  6:52  Mutalisk x10, Baneling  
  121  6:58  Mutalisk  
  121  7:00  Zergling x10  
  128  7:05  Evolution Chamber  
  128  7:06  Zerg Flyer Weapons Level 1  
  127  7:08  Evolution Chamber  
  127  7:09  Baneling x2  
  127  7:11  Baneling x2  
  127  7:14  Zergling x12  
  132  7:16  Queen  
  132  7:19  Baneling x4  
  134  7:30  Zergling x22  
  134  7:35  Pneumatized Carapace  
  145  7:42  Mutalisk x3  
  151  7:52  Drone x13  
  151  7:54  Drone  
  165  7:58  Zerg Ground Armor Level 1  
  165  8:00  Zerg Melee Weapons Level 1  
  165  8:03  Overlord  
  165  8:05  Overseer  
  165  8:09  Mutalisk x2  
  165  8:12  Drone x3  
  172  8:13  Extractor  
  172  8:14  Extractor  
  172  8:16  Zergling x10  
  175  8:20  Baneling x6  
  175  8:22  Zergling x2  
  175  8:23  Zergling x6  
  175  8:25  Zergling x6  
  176  8:44  Drone  
  176  8:45  Zergling x18  
  176  8:48  Baneling x8  
  185  8:52  Mutalisk x2  
  189  8:56  Mutalisk x2  
  189  8:59  Zergling x8  
  189  9:02  Overlord  
  192  9:07  Overlord  
  192  9:12  Hatchery  
  192  9:13  Baneling x12  
  185  9:18  Zergling x12  
  185  9:22  Zergling x10  
  184  9:32  Zergling x12  
  184  9:33  Baneling x11  
  179  9:42  Zergling x18  
  188  9:47  Baneling x9  
  188  9:50  Zergling x2  
  189  9:55  Overseer  
  189  9:56  Hatchery  
  184  10:03  Zergling x14  
  184  10:05  Zerg Ground Armor Level 2, Zerg Melee Weapons Level 2  
  184  10:06  Baneling x8  
  188  10:10  Zergling x8  
  192  10:14  Zerg Flyer Weapons Level 2  
  192  10:18  Zergling x10  
  197  10:28  Infestation Pit  
  194  10:38  Drone  
  195  10:49  Baneling, Burrow  
  195  10:50  Baneling x9  
  195  10:52  Drone x5  
  200  11:18  Zergling x4  
  196  11:27  Zergling x12  
  192  11:34  Baneling x15  
  192  11:35  Baneling x7  
  192  11:36  Drone x2  
  192  11:37  Drone x2  
  192  11:40  Hive  
  192  11:44  Drone, Spore Crawler  
  192  11:45  Drone x7  
  195  12:02  Zergling x12  
  195  12:05  Zergling x8  
  198  12:10  Spore Crawler  
  198  12:11  Spine Crawler  
  196  12:20  Drone  
  196  12:21  Drone x2  
  196  12:22  Spore Crawler  
  198  12:28  Baneling x6  
  198  12:37  Baneling x15  
  178  12:46  Mutalisk x6  
  178  12:47  Mutalisk  
  195  12:53  Zergling x10  
  195  12:57  Zerg Ground Armor Level 3, Zerg Flyer Armor Level 1, Zerg Melee Weapons Level 3  
  196  12:58  Ultralisk Cavern  
  196  12:59  Drone x2  
  196  13:02  Drone x2  
  199  13:07  Drone  
  199  13:10  Hatchery, Drone  
  199  13:11  Adrenal Glands  
  192  13:24  Zergling x12  
  192  13:25  Zergling x10  
  192  13:45  Chitinous Plating  
  192  13:52  Hatchery  
  189  14:02  Drone x5  
  199  14:09  Spine Crawler  
  193  14:10  Spine Crawler  
  193  14:11  Spine Crawler, Spore Crawler  
  193  14:12  Zergling x18  
  192  14:24  Unknown  
  192  14:29  Ultralisk x3  
  193  14:36  Ultralisk x2  
  199  14:42  Baneling x25  
  199  14:43  Baneling x9  
  197  14:46  Baneling x2  
  197  14:47  Zergling x6  
  197  14:51  Zerg Flyer Weapons Level 3  
  200  15:04  Anabolic Synthesis  
  200  15:09  Hatchery, Baneling  
  199  15:17  Extractor  
  199  15:18  Extractor  
  199  15:20  Drone x3  
  199  15:25  Pathogen Glands  
  198  15:35  Zergling x2  
  189  15:45  Zergling x22  
  200  15:54  Overseer x2  
  192  16:15  Zergling x14  
  192  16:16  Zergling x16  
  198  16:30  Zergling x2  
  195  16:35  Zergling x20  
  181  16:55  Zergling x4  
  181  16:56  Zergling x32  
  181  17:00  Zergling x8  
  181  17:01  Zergling x6  
  199  17:04  Drone, Baneling  
  199  17:05  Drone, Baneling x26  
  199  17:12  Spine Crawler  
  199  17:13  Spore Crawler  
  199  17:14  Spore Crawler x2  
  199  17:15  Drone x3  
Tags
 
Add a new tag
Caveats
  • Supply blocks, unpowered buildings, or Contaminate may cause inaccurate times.
  • Supply counts are checked every 10 seconds.